 Dungeon Crawl Stone Soup version 0.18-a0-721-g8fc53f4 (webtiles) character file.

1131 xeno23 the Insei (level 8, 0/62 HPs)
             Began as a Human Monk on Dec 8, 2015.
             Was a Follower of Ru.
             Slain by an iguana (6 damage)
             ... on level 5 of the Dungeon.
             The game lasted 00:16:14 (4054 turns).

xeno23 the Insei (Human Monk)                       Turns: 4054, Time: 00:16:14

Health: 0/62       AC:  7    Str: 13    XL:     8   Next: 62%
Magic:  10/10      EV: 13    Int: 12    God:    Ru [*.....]
Gold:   267        SH:  0    Dex: 15    Spells: 0 memorised, 7 levels left

rFire  . . .     SeeInvis .       - Unarmed
rCold  . . .     Clarity  .     e - +0 ring mail
rNeg   . . .     SustAt   .     (no shield)
rPois  .         Gourm    .     (no helmet)
rElec  .         Spirit   .     o - +0 cloak
rCorr  .         Dismiss  .     (no gloves)
rMut   .         Stasis   .     m - +0 pair of boots
MR     .....                    j - amulet of rage
Stlth  +.........               (no ring)
                                (no ring)

@: not resistant to hostile enchantments, very unstealthy
A: hated by all
a: Renounce Religion, Evoke Berserk Rage


You were on level 5 of the Dungeon.
You worshipped Ru.
Ru was aware of your devotion.
You were very hungry.

You visited 2 branches of the dungeon, and saw 6 of its levels.

You collected 267 gold pieces.

Inventory:

Hand Weapons
 l - a +0 dagger of venom
Armour
 e - a +0 ring mail (worn)
 m - a +0 pair of boots (worn)
 o - a +0 cloak (worn)
Jewellery
 f - an uncursed amulet of resist corrosion
 j - an amulet of rage (around neck)
Scrolls
 c - a scroll of magic mapping {unknown}
 g - a scroll of remove curse {unknown}
 h - a scroll of recharging {unknown}
 i - a scroll of identify {unknown}
 k - 2 scrolls of enchant armour {unknown}
 p - a scroll of immolation {unknown}
 r - a scroll of teleportation {unknown}
 s - a scroll of enchant weapon {unknown}
 u - 3 scrolls of noise {unknown}
Potions
 a - a potion of agility {unknown}
 d - 5 potions of curing {unknown}
 n - 4 potions of poison {unknown}
 q - a potion of brilliance {unknown}
 t - 2 potions of magic {unknown}
 w - a potion of cancellation {unknown}
Comestibles
 b - 4 bread rations
 x - a meat ration


   Skills:
 + Level 5.3 Fighting
 + Level 5.2 Dodging
 - Level 2.0 Stealth
 * Level 7.4 Unarmed Combat
 + Level 3.5 Evocations


You had 7 spell levels left.
You didn't know any spells.

Dungeon Overview and Level Annotations

Branches:
Dungeon (5/15)             Temple (1/1) D:5

Altars:
Ashenzari
Cheibriados
Dithmenos
Elyvilon
Fedhas
Gozag
Okawaru
Pakellas
Qazlal
Ru
Sif Muna
Trog
Vehumet
Xom
Zin


Innate Abilities, Weirdness & Mutations

You are hated by all.


Message History

* * * LOW HITPOINT WARNING * * *
You take 8 damage.
You hit the iguana.
The iguana is heavily wounded.
You hit the iguana.
The iguana is severely wounded.
The iguana bites you.
* * * LOW HITPOINT WARNING * * *
You take 3 damage.
Drink which item? (? for menu, Esc to quit)
Okay, then.
Press: ? - help, v - describe, . - travel
Here: an iguana (severely wounded)
The floor, spattered with blood.
There is an open door here.
You feel less exhausted.
You hit the iguana but do no damage.
The iguana is severely wounded.
The iguana bites you.
You die...

.#...# #...#####.#....≈#
#..
.^...####...#####.###.###
##.
...................>..#
#.
.#..........≈§§...#####
#. .#...###...≈≈§≈≈..# ##
<#...###..≈≈≈≈≈≈≈.# ##.
##........§§§>§§§.# #.#
....###..≈≈≈§§≈≈## #..
..### ##..≈≈§≈≈@# ##.
..........§§§l.# ##
.######...##.### ##.
######'### #.. #....# #.#
#....# ##.
##########....# ##
........[)....# #
##########....#


You could see an iguana.

Vanquished Creatures
  Pikel (D:5)
  Menkaure (D:4)
  A centaur (D:5)
  4 slaves (D:5)
  A phantom (D:4)
  A scorpion (D:4)
  A crimson imp (D:4)
  2 orc priests (D:3)
  An orc wizard (D:3)
  Ijyb (D:3)
  7 adders
  An ooze (D:3)
  An adder skeleton (D:4)
  6 worms
  5 giant geckos
  16 orcs
  2 giant cockroaches
  5 hobgoblins
  4 quokkas
  8 bats
  6 giant newts
  6 goblins
  13 jackals
  5 kobolds
  6 rats
105 creatures vanquished.

Notes
Turn   | Place    | Note
--------------------------------------------------------------
     0 | D:1      | xeno23 the Human Monk began the quest for the Orb.
     0 | D:1      | Reached XP level 1. HP: 18/18 MP: 1/1
   138 | D:1      | Reached XP level 2. HP: 18/24 MP: 2/2
   889 | D:2      | Reached XP level 3. HP: 27/29 MP: 3/3
  1097 | D:2      | Reached XP level 4. HP: 14/35 MP: 4/4
  1180 | D:2      | Reached skill level 1 in Evocations
  1523 | D:2      | Reached skill level 5 in Unarmed Combat
  2035 | D:3      | Reached XP level 5. HP: 35/41 MP: 5/5
  2238 | D:3      | Noticed Ijyb
  2255 | D:3      | Killed Ijyb
  2291 | D:3      | Reached XP level 6. HP: 29/48 MP: 6/6
  2981 | D:4      | Noticed Menkaure
  2995 | D:4      | Killed Menkaure
  2995 | D:4      | Reached skill level 6 in Unarmed Combat
  2995 | D:4      | Reached XP level 7. HP: 20/55 MP: 8/8
  3221 | D:4      | Found an iron altar of Okawaru.
  3477 | D:5      | Entered Level 5 of the Dungeon
  3488 | D:5      | Found a staircase to the Ecumenical Temple.
  3497 | Temple   | Entered the Ecumenical Temple
  3593 | Temple   | Became a worshipper of Ru the Awakened
  3599 | Temple   | Gained mutation: You are hated by all. [Ru sacrifice]
  3599 | Temple   | Reached * piety under Ru
  3624 | D:5      | Found a stormy altar of Qazlal.
  3661 | D:5      | Found a snail-covered altar of Cheibriados.
  3955 | D:5      | Noticed Pikel
  4012 | D:5      | Killed Pikel
  4012 | D:5      | Reached skill level 5 in Fighting
  4012 | D:5      | Reached skill level 5 in Dodging
  4012 | D:5      | Reached skill level 7 in Unarmed Combat
  4012 | D:5      | Reached XP level 8. HP: 21/62 MP: 8/10
  4039 | D:5      | HP: 3/62 [iguana (3)]
  4054 | D:5      | Slain by an iguana

Vault maps used:
D:1:      dpeg_arrival_water_temple_mockup
D:2:      first_bread, minivault_4
D:3:      uniq_iyjb
D:4:      kennysheep_okawaru_gauntlet, uniq_menkaure
D:5:      grunt_qazlal_clouds, marbit_many_paths, minmay_temple_entry_mist,
          basic_altar, uniq_pikel, uniq_duvessa, uniq_sigmund
Temple:   circular_temple_12

Action                   |  1- 3 |  4- 6 |  7- 9 || total
-------------------------+-------+-------+-------++-------
Melee: Unarmed           |    99 |   227 |   149 ||   475
       Dagger            |       |     5 |       ||     5
Invok: Sacrifice Love    |       |       |     1 ||     1
 Abil: Evoke Berserk Rag |       |     3 |     1 ||     4
 Stab: Sleeping          |     3 |     3 |       ||     6
  Eat: Chunk             |     1 |     7 |     4 ||    12
